 Dungeon Crawl Stone Soup version 0.23-b1-70-gd12f7cf (webtiles) character file.

Game seed: 12242919086310219221

18 Folque the Magician (level 2, -7/15 HPs)
             Began as a Deep Elf Wizard on Feb 6, 2019.
             Killed from afar by an orc wizard (8 damage)
             ... with a puff of frost
             ... on level 2 of the Dungeon.
             The game lasted 00:02:15 (720 turns).

Folque the Magician (Deep Elf Wizard)                Turns: 720, Time: 00:02:16

Health: -7/15      AC:  2    Str:  4    XL:     2   Next: 48%
Magic:  6/9        EV: 13    Int: 22    God:
Gold:   53         SH:  0    Dex: 13    Spells: 5/10 levels left

rFire    . . .     SeeInvis .   c - +0 dagger
rCold    . . .     Gourm    .   (no shield)
rNeg     . . .     Faith    .   a - +0 robe
rPois    .         Spirit   .   b - +0 hat
rElec    .         Reflect  .   (no cloak)
rCorr    .         Harm     .   (no gloves)
MR       .....                  (no boots)
Stlth    ++........             (no amulet)
HPRegen  0.05/turn              (no ring)
MPRegen  0.11/turn              (no ring)

@: no status effects
A: no striking features
a: no special abilities


You were on level 2 of the Dungeon.
You were not hungry.

You visited 1 branch of the dungeon, and saw 2 of its levels.

You collected 53 gold pieces.

Inventory:

Hand Weapons
 c - a +0 dagger (weapon)
Armour
 a - a +0 robe (worn)
 b - a +0 hat (worn)
Jewellery
 h - an uncursed ring of wizardry {unknown}
Scrolls
 e - a scroll of amnesia {unknown}
 g - a scroll of blinking {unknown}
 i - 3 scrolls of identify {unknown}
 j - a scroll of teleportation {unknown}
 k - 2 scrolls of magic mapping {unknown}
Comestibles
 d - 5 rations


   Skills:
 * Level 2.6 Dodging
 - Level 2.4 Stealth
 + Level 4.7 Spellcasting
 - Level 2.1 Conjurations
 * Level 1.2 Summonings
 - Level 1.1 Translocations


You had 5 spell levels left.
You knew the following spells:

 Your Spells              Type           Power        Failure   Level  Hunger
a - Magic Dart            Conj           ##..         4%          1    None
b - Call Imp              Summ           ##......     10%         2    None
c - Blink                 Tloc           N/A          10%         2    None

Your spell library contained the following spells:

 Spells                   Type           Power        Failure   Level  Hunger
 Slow                     Hex            #.......     16%         2    None
 Conjure Flame            Conj/Fire      ##......     21%         3    ##.....
 Mephitic Cloud           Conj/Pois/Air  #.......     24%         3    ##.....


Dungeon Overview and Level Annotations

Branches:
Dungeon (2/15)

Altars:
The Shining One


Message History

You hit the orc.
The orc is lightly wounded.
An orc comes into view. It is wielding a +0 hand axe.
You closely miss the orc.
The orc is lightly wounded.
The orc hits you with a +0 dagger.
You swap places.
The orc closely misses your crimson imp.
Your crimson imp barely misses the orc.
The orc barely misses your crimson imp.
Your crimson imp blinks!
Casting: Call Imp (safe; 10% risk of failure)
Confirm with . or Enter, or press ? or * to list all spells.
You blink.
The orc hits you with a +0 dagger.
The orc throws a tomahawk.
The tomahawk hits you.
* * * LOW HITPOINT WARNING * * *
The orc wizard casts a spell at you. The puff of frost hits you!
Ouch! That really hurt!
You die...

##....##
......###
........########
.........§.....
#...#..≈≈.§..#
#......≈§§§≈# #.#
#...§≈§P#
###@###..5§§§§#
#ogoo..§.§..§.#
._..#.###...#####
.<#.###.# #.### #
#.# #.# #.# #.#
..# #.# ..# #.#
#.#


You could see an orc wizard, 2 orcs and a goblin.

Vanquished Creatures
  2 leopard geckos (D:1)
  3 goblins (D:1)
  A hobgoblin (D:1)
  A ball python zombie (D:2)
  3 bats
  2 frilled lizards (D:1)
  A kobold (D:1)
  3 rats (D:1)
16 creatures vanquished.

Vanquished Creatures (collateral kills)
  A hobgoblin (D:1)
1 creature vanquished.

Grand Total: 17 creatures vanquished

Notes
Turn   | Place    | Note
-------+----------+-------------------------------------------
     0 | D:1      | Folque the Deep Elf Wizard began the quest for the Orb.
     0 | D:1      | Reached XP level 1. HP: 10/10 MP: 7/7
   198 | D:1      | Reached XP level 2. HP: 10/15 MP: 7/9
   258 | D:1      | Learned a level 2 spell: Call Imp
   261 | D:1      | Learned a level 2 spell: Blink
   713 | D:2      | Found a glowing golden altar of the Shining One.
   720 | D:2      | Killed from afar by an orc wizard

Skill      XL: |  1 |
---------------+----+-----
Conjurations   | 2 |  2.1
Dodging        | |  2.6
Stealth        | |  2.4
Spellcasting   | |  4.7
Summonings     | |  1.2
Translocations | |  1.1

Action                   || total
-------------------------++-------
Melee: Dagger            ||    33
 Cast: Magic Dart        ||    15
       Call Imp          ||     4
       Blink             ||     1
 Stab: Sleeping          ||     4
Armor: Robe              ||     6
Dodge: Dodged            ||    24
